 Dungeon Crawl Stone Soup version 0.21-a0-91-ga5031da (webtiles) character file.

32 Lavandula the Vexing (level 3, 23/26 HPs)
             Began as a Mummy Arcane Marksman on June 30, 2017.
             Quit the game on level 2 of the Dungeon.
             The game lasted 00:04:32 (735 turns).

Lavandula the Vexing (Mummy Arcane Marksman)         Turns: 735, Time: 00:04:33

Health: 23/26      AC:  6    Str: 13    XL:     3   Next: 8%
Magic:  3/5        EV: 10    Int: 12    God:
Gold:   38         SH:  0    Dex: 13    Spells: 2/5 levels left

rFire    x . .     SeeInvis .   l - -1 dagger (curse)
rCold    + . .     Gourm    .   (no shield)
rNeg     + + +     Faith    .   f - +0 ring mail
rPois    ∞         Spirit   .   (no helmet)
rElec    .         Reflect  .   (no cloak)
rCorr    .         Harm     .   (no gloves)
MR       .....                  k - +0 pair of boots
Stlth    +.........             (no amulet)
HPRegen  0.08/turn              (no ring)
MPRegen  0.09/turn              (no ring)

@: very slightly contaminated
A: no food or potions, fire vulnerability, cold resistance 1, negative energy
resistance 3, torment resistance, unbreathing
a: no special abilities


You were on level 2 of the Dungeon.
You were not hungry.

You visited 1 branch of the dungeon, and saw 2 of its levels.

You collected 38 gold pieces.

Inventory:

Hand Weapons
 a - a +1 hand crossbow
 b - a +0 spear
 i - a +0 hand axe
 l - a cursed -1 dagger (weapon)
Missiles
 d - 17 bolts
 m - 8 poisoned needles
Armour
 e - a +0 robe
 f - a +0 ring mail (worn)
 k - a +0 pair of boots (worn)
Jewellery
 j - an uncursed amulet of rage {unknown}
Wands
 g - a wand of lightning (15/15)
Scrolls
 h - a scroll of fog
Books
 c - a book of Debilitation

   Spells                             Type                      Level
   a - Corona                         Hexes                        1
   b - Slow                           Hexes                        2
   c - Inner Flame                    Hexes/Fire                   3
   d - Portal Projectile              Hexes/Translocation          3
   e - Cause Fear                     Hexes                        4
   f - Leda's Liquefaction            Hexes/Earth                  4


   Skills:
 - Level 1.0 Fighting
 - Level 1.0 Short Blades
 - Level 2.3 Crossbows
 - Level 1.5 Dodging
 + Level 1.7 Spellcasting
 - Level 2.8 Hexes


You had 2 spell levels left.
You knew the following spells:

 Your Spells              Type           Power        Failure   Level  Hunger
a - Corona                Hex            #......      19%         1    N/A
b - Slow                  Hex            #.......     28%         2    N/A

Dungeon Overview and Level Annotations

Branches:
Dungeon (2/15)

Altars:


Innate Abilities, Weirdness & Mutations

You do not eat or drink.
Your flesh is vulnerable to fire.
You are immune to poison.
Your flesh is cold resistant. (rC+)
You are immune to negative energy. (rN+++)
You are immune to unholy pain and torment.
You can survive without breathing.


Message History

The jackal is moderately wounded.
The jackal closely misses you.
You closely miss the jackal.
The jackal is moderately wounded.
The jackal barely misses you. The jackal closely misses you.
You hit the jackal.
You kill the jackal!
No target in view!
No target in view! 2 jackals come into view.
The jackal barks!
A jackal comes into view.
You see here a jackal corpse.
There are monsters nearby!
The jackal barks!
A kobold comes into view.
The kobold shouts!
You see here a jackal corpse.
You see here a bat corpse.
Are you sure you want to abandon this character and quit the game? (Confirm with "yes".)

#. #(......# #. #.#
#.......# # #( #.#
##...).##.# #. #.#
###.#(...# ## ## #.#
#†#.#### #. .. #.#
####.#†#.####.
#.##.###....#........
#......#....#######.#
#..#@#.#............# #.
#.#.#...########.#
#..#h#b#...# #..
#....#.#...##########
.....#Kh#...............
#### #h.########.....##!
..>. #.....##. .....
########[ #...... #.


You could see 3 jackals and a kobold.

Vanquished Creatures
  A dart slug (D:1)
  A leopard gecko (D:1)
  3 bats
  3 giant cockroaches
  3 hobgoblins
  4 jackals (D:2)
  3 kobolds
  2 frilled lizards
  3 goblins
  2 rats (D:1)
25 creatures vanquished.

Notes
Turn   | Place    | Note
-------+----------+-------------------------------------------
     0 | D:1      | Lavandula the Mummy Arcane Marksman began the quest for the Orb.
     0 | D:1      | Reached XP level 1. HP: 15/15 MP: 2/2
   337 | D:2      | Reached XP level 2. HP: 18/21 MP: 2/4
   342 | D:2      | Learned a level 2 spell: Slow
   586 | D:1      | Reached skill level 1 in Short Blades
   616 | D:1      | Reached XP level 3. HP: 23/26 MP: 2/5
   735 | D:2      | Quit the game

Vault maps used:
D:1:      minmay_arrival_glassed_features, serial_glass, glass_columns_c,
          glass_columns_a
D:2:      nemelex_altar_shiori, first_bread

Skill      XL: |  1  2 |
---------------+-------+-----
Crossbows      | 2 |  2.3
Short Blades   | 1 |  1.0
Fighting       | |  1.0
Dodging        | |  1.5
Spellcasting   | |  1.7
Hexes          | |  2.8

Action                   || total
-------------------------++-------
Melee: Dagger            ||    91
 Fire: Hand crossbow     ||    28
 Cast: Corona            ||    27
       Slow              ||     1
  Use: Scroll            ||     5
Armor: Ring mail         ||    51
       Robe              ||     1
Dodge: Dodged            ||    74
